Map: Frost LE

Players

Fropez - Winner!

  • Race: Protoss Protoss
  • League: Gold
  • Spawn Location: 7:00

Joeypow

  • Race: Zerg Zerg
  • Spawn Location: 5:00

VOD

Have the link to the VOD?

Description

Time

  • Played on: Nov. 14, 2016, 3:27 p.m.
  • Length: 15:27
Show
View Real Time Build Order
Export as new Build Order

Fropez Protoss - Winner!

Build Orders:  

Get SALT Encoding   

  12  0:01  Probe (Chrono Boost)  
  13  0:12  Probe (Chrono Boost)  
  14  0:18  Pylon  
  14  0:23  Probe (Chrono Boost)  
  15  0:29  Assimilator  
  15  0:37  Probe (Chrono Boost)  
  16  0:47  Gateway  
  16  0:48  Probe (Chrono Boost)  
  17  0:58  Probe (Chrono Boost)  
  17  1:03  Gateway  
  18  1:09  Probe (Chrono Boost)  
  19  1:19  Pylon  
  19  1:20  Probe (Chrono Boost)  
  20  1:36  Pylon  
  20  1:41  Assimilator  
  20  1:46  Probe (Chrono Boost)  
  21  1:48  Cybernetics Core  
  21  1:57  Probe (Chrono Boost)  
  22  2:17  Nexus  
  23  2:33  Mothership Core (Chrono Boost)  
  23  2:36  Warp Gate (Chrono Boost)  
  24  2:39  Stalker  
  26  2:45  Stalker  
  28  2:52  Probe  
  29  3:04  Probe  
  29  3:16  Probe  
  30  3:20  Pylon  
  30  3:28  Probe x2  
  30  3:33  Gateway  
  32  3:43  Gateway  
  32  3:47  Gateway  
  32  3:51  Probe  
  32  3:53  Probe  
  34  3:59  Stalker  
  36  4:03  Probe  
  36  4:05  Probe  
  38  4:18  Probe x2  
  40  4:28  Gateway  
  40  4:30  Probe  
  41  4:33  Probe  
  42  4:47  Assimilator  
  42  4:50  Assimilator  
  42  4:54  Pylon  
  42  4:57  Stalker x2  
  46  5:01  Stalker x2  
  50  5:09  Probe  
  50  5:13  Adept  
  52  5:18  Probe  
  53  5:37  Pylon, Forge  
  53  5:42  Adept, Robotics Facility  
  55  5:49  Probe  
  55  5:50  Probe  
  55  5:51  Twilight Council  
  55  5:52  Pylon  
  57  5:59  Probe  
  57  6:00  Adept  
  57  6:01  Sentry  
  57  6:02  Sentry  
  64  6:11  Pylon  
  64  6:13  Pylon  
  65  6:18  Probe  
  65  6:19  Probe  
  65  6:22  Protoss Ground Weapons Level 1 (Chrono Boost)  
  66  6:27  Stalker  
  66  6:32  Immortal  
  72  6:40  Probe x2  
  74  6:53  Resonating Glaives (Chrono Boost), Probe  
  75  7:06  Immortal  
  75  7:15  Adept  
  81  7:16  Adept x2  
  85  7:24  Nexus  
  85  7:26  Pylon  
  85  7:27  Probe  
  85  7:28  Probe  
  87  7:40  Immortal  
  87  7:41  Probe x2  
  93  7:53  Probe  
  93  7:57  Adept x2  
  93  7:58  Adept x2  
  102  7:59  Adept  
  102  8:03  Pylon  
  100  8:18  Stalker x3  
  100  8:37  Photon Cannon  
  100  8:46  Photon Cannon  
  100  8:49  Photon Cannon  
  100  8:52  Probe x2  
  102  9:04  Stalker  
  104  9:12  Pylon  
  104  9:13  Probe  
  104  9:15  Photon Cannon  
  104  9:16  Stalker  
  107  9:21  Probe  
  107  9:22  Probe  
  109  9:25  Stalker  
  109  9:30  Probe  
  112  9:35  Probe  
  112  9:37  Blink  
  113  9:42  Stalker x4  
  119  9:57  Probe x2  
  119  9:59  Stalker  
  123  10:00  Photon Cannon  
  123  10:04  Pylon  
  123  10:05  Assimilator  
  123  10:07  Protoss Ground Weapons Level 2 (Chrono Boost)  
  123  10:10  Assimilator  
  123  10:11  Probe x2  
  123  10:14  Warp Prism  
  125  10:21  Adept, Pylon  
  127  10:22  Adept x3  
  127  10:28  Adept  
  137  10:29  Adept  
  139  10:47  Stalker x2  
  139  10:48  Stalker x2  
  147  10:56  Probe  
  147  10:57  Probe x2  
  147  11:01  Templar Archives  
  150  11:05  Gateway  
  150  11:09  Gateway  
  150  11:12  Gateway  
  150  11:18  Gateway  
  150  11:20  Probe x2, Photon Cannon  
  152  11:25  Stalker  
  152  11:26  Stalker  
  156  11:36  Photon Cannon  
  154  11:51  Stalker x3  
  154  11:52  Stalker x3  
  110  12:18  High Templar x2  
  110  12:19  High Templar x4  
  110  12:22  High Templar x2  
  112  12:23  High Templar x2  
  112  12:27  Pylon  
  112  12:28  Pylon  
  111  12:32  Archon x3  
  111  12:34  Archon x2  
  93  12:48  Probe x3  
  87  12:58  Probe  
  87  13:00  Probe x2  
  87  13:04  Zealot x4  
  87  13:05  Zealot x6  
  103  13:08  Mothership Core  
  103  13:11  Pylon  
  107  13:13  Pylon  
  107  13:14  Photon Cannon  
  107  13:19  Probe x2  
  109  13:20  Photon Cannon  
  109  13:22  Photon Cannon  
  109  13:23  Photon Cannon  
  109  13:24  Assimilator  
  109  13:25  Charge (Chrono Boost)  
  109  13:27  Protoss Shields Level 1 (Chrono Boost)  
  109  13:48  High Templar  
  109  13:49  High Templar x5  
  109  13:50  High Templar x2  
  109  13:52  Archon  
  109  13:53  Archon x2  
  109  13:54  Archon  
  125  14:20  Nexus  
  125  14:48  Adept  
  125  14:49  Adept x4  
  125  14:50  Adept x3  
  125  14:51  Adept x2  
Show
View Real Time Build Order
Export as new Build Order

Joeypow Zerg 

Build Orders: Hatch First 

Get SALT Encoding   

  12  0:01  Drone  
  13  0:13  Overlord  
  13  0:18  Drone  
  14  0:31  Drone x2  
  16  0:36  Drone  
  17  0:55  Hatchery  
  17  0:56  Drone  
  17  1:01  Extractor, Drone  
  17  1:20  Spawning Pool, Drone  
  18  1:25  Drone  
  18  1:28  Drone  
  19  1:39  Overlord  
  19  1:52  Drone  
  20  2:02  Drone  
  20  2:06  Metabolic Boost  
  21  2:08  Queen  
  24  2:15  Drone x2  
  24  2:19  Queen  
  24  2:21  Drone  
  28  2:27  Drone  
  29  2:37  Drone x2  
  29  2:40  Zergling x2  
  29  2:43  Zergling x2  
  33  3:00  Zergling x4  
  35  3:09  Extractor  
  35  3:10  Drone x2  
  36  3:29  Lair  
  36  3:32  Hatchery  
  35  3:35  Zergling x2  
  35  3:36  Roach Warren, Overlord  
  35  3:37  Overlord x2  
  35  3:47  Drone  
  36  4:08  Zergling x6  
  39  4:19  Zergling x6  
  39  4:20  Zergling x2  
  43  4:32  Drone  
  43  4:33  Spire  
  43  4:46  Queen  
  43  4:48  Drone x2  
  43  4:49  Drone x2  
  43  4:51  Drone x3  
  52  5:00  Drone x2  
  52  5:04  Roach  
  52  5:05  Roach x3  
  62  5:16  Roach  
  62  5:17  Roach  
  66  5:30  Extractor  
  66  5:33  Extractor  
  66  5:35  Extractor  
  63  5:36  Extractor  
  63  5:39  Roach  
  63  5:40  Roach  
  63  5:41  Overlord  
  63  5:42  Overlord x4  
  65  6:10  Drone, Hatchery  
  65  6:11  Drone x5  
  70  6:22  Drone x3  
  73  6:50  Mutalisk  
  73  6:51  Mutalisk x5  
  85  7:03  Mutalisk x2  
  89  7:12  Drone x3  
  92  7:23  Queen  
  92  7:26  Drone  
  92  7:27  Drone x4  
  99  7:32  Mutalisk x2  
  103  7:42  Hatchery  
  102  7:55  Mutalisk  
  102  7:56  Mutalisk x3  
  110  7:59  Queen  
  99  8:20  Roach  
  99  8:21  Roach x5  
  99  8:25  Overlord  
  99  8:26  Overlord x4  
  105  9:02  Mutalisk x2  
  105  9:03  Mutalisk x4  
  105  9:06  Overlord x3  
  117  9:16  Evolution Chamber  
  116  9:17  Zerg Flyer Weapons Level 1  
  116  9:19  Evolution Chamber  
  115  9:33  Drone x2  
  115  9:34  Drone x2  
  119  9:51  Drone x2  
  119  9:52  Drone x3  
  124  10:04  Drone  
  124  10:05  Drone x4  
  129  10:07  Infestation Pit  
  128  10:40  Roach x7  
  128  10:41  Roach x20  
  182  10:44  Overlord x2  
  182  10:45  Overlord x3  
  182  10:58  Overlord x4  
  182  10:59  Overlord x2  
  182  11:05  Zerg Missile Weapons Level 1  
  182  11:07  Zerg Ground Armor Level 1  
  182  11:11  Hive  
  182  11:20  Drone x4  
  136  11:55  Mutalisk x3  
  136  11:56  Mutalisk x8  
  136  11:58  Zergling x14  
  136  11:59  Zergling x2  
  105  12:15  Mutalisk  
  105  12:17  Roach x5  
  100  12:37  Mutalisk  
  100  12:38  Mutalisk x2  
  100  12:40  Roach  
  100  12:41  Zergling x2  
  100  12:42  Zergling x6  
  93  13:06  Drone  
  93  13:07  Drone x5  
  93  13:12  Hatchery  
  96  13:13  Drone  
  97  13:50  Mutalisk x4  
  97  13:53  Glial Reconstitution  
  105  14:06  Ultralisk Cavern  
  105  14:07  Drone  
  105  14:08  Drone x6  
  105  14:09  Drone  
  112  14:21  Hatchery  
  113  14:37  Roach  
  113  14:38  Roach x9  
  130  14:48  Mutalisk x4  
Tags
 
League
Gold
Matchup
PvZ
Replay Pack
All Mines
Spawn Locations
Close Positions
Add a new tag
Caveats
  • Supply blocks, unpowered buildings, or Contaminate may cause inaccurate times.
  • Supply counts are checked every 10 seconds.